 Dungeon Crawl Stone Soup version 0.30.0-29-ga12c61a403 (webtiles) character file.

Game seed: 16274102155451287928

74 safid the Chiller (level 4, -4/33 HPs)
             Began as a Merfolk Ice Elementalist on June 16, 2023.
             Slain by Sigmund
             ... wielding a +0 scythe
              (9 damage)
             ... on level 2 of the Dungeon.
             The game lasted 00:02:31 (1817 turns).

safid the Chiller (Merfolk Ice Elementalist)        Turns: 1817, Time: 00:02:31

Health: -4/33      AC:  8    Str:  8    XL:     4   Next: 30%
Magic:  8/8        EV: 12    Int: 16    God:
Gold:   118        SH:  0    Dex: 14    Spells: 1/8 levels left

rFire   + . .        d - +0 short sword
rCold   . . .        (no shield)
rNeg    . . .        a - +0 robe
rPois   .            (no helmet)
rElec   .            (no cloak)
rCorr   .            (no gloves)
SInv    .            (no boots)
Will    .....        (no amulet)
Stlth   ++           g - ring of protection from fire
HPRegen 0.25/turn    (no ring)
MPRegen 0.11/turn

%: no passive effects
@: ice-armoured, freezing walls
A: (nimble swimmer 2), mertail
a: no special abilities


You were on level 2 of the Dungeon.
You visited 1 branch of the dungeon, and saw 2 of its levels.

You collected 118 gold pieces.

Inventory:

Hand Weapons
 d - a +0 short sword (weapon)
Armour
 a - a +0 robe (worn)
Jewellery
 g - a ring of protection from fire (left hand)
Scrolls
 c - a scroll of teleportation {unknown}
 e - a scroll of silence {unknown}
 j - a scroll of poison {unknown}
 k - a scroll of magic mapping {unknown}
 l - a scroll of identify {unknown}
 m - a scroll of noise {unknown}
 n - a scroll of butterflies {unknown}
 o - a scroll of blinking {unknown}
 p - a scroll of vulnerability {unknown}
Potions
 f - a potion of mutation {unknown}
 h - 2 potions of curing {unknown}
 i - 2 potions of lignification {unknown}


   Skills:
 + Level 2.2 Fighting
 - Level 2.6 Dodging
 - Level 2.1 Stealth
 + Level 2.8 Spellcasting
 + Level 5.0 Ice Magic


You had one spell level left.
You knew the following spells:

 Your Spells              Type           Power      Damage    Failure   Level
a - Freeze                Ice            72%        1d8       2%          1
b - Frozen Ramparts       Ice            36%        1d6       7%          3
c - Ozocubu's Armour      Ice            18%        N/A       7%          3

Your spell library contained the following spells:

 Spells                   Type           Power      Damage    Failure   Level
 Summon Small Mammal      Summ           8%         N/A       19%         1
 Call Canine Familiar     Summ           2%         N/A       50%         3
 Summon Guardian Golem    Hex/Summ       2%         N/A       50%         3
 Summon Ice Beast         Ice/Summ       10%        N/A       54%         4


Dungeon Overview and Level Annotations

Branches:
Dungeon (2/15)

Altars:

Shops:
D:1 =

Annotations:
D:2 Sigmund


Innate Abilities, Weirdness & Mutations

((You are very nimble when in or above water. (Stealth+, EV+, Speed+++)))
Your lower body shifts to a powerful aquatic tail in water.


Message History

The walls around you are covered in ice.
The wall freezes Sigmund.
Sigmund points at you and mumbles some strange words.
The magic dart hits you!
* * * LOW HITPOINT WARNING * * *
Casting: Frozen Ramparts (quite dangerous; 7% risk of failure)
Confirm with . or Enter, or press ? or * to list all spells.
The spell is quite dangerous to miscast (7% risk of failure)!
Continue anyway? [Y]es or [N]o only, please.
The spell is quite dangerous to miscast (7% risk of failure)!
Continue anyway?
A film of ice covers your body!
The wall freezes Sigmund.
Sigmund hits you with a +0 scythe.
* * * LOW HITPOINT WARNING * * *
Unknown command.
Casting: Ozocubu's Armour (quite dangerous; 7% risk of failure)
Confirm with . or Enter, or press ? or * to list all spells.
Aiming: Freeze (safe; 2% risk of failure)
Press: ? - help, Shift-Dir - straight line, f - Sigmund
Aim: Sigmund, wielding a +0 scythe and wearing a +0 robe (lightly wounded)
You freeze Sigmund.
Sigmund is moderately wounded.
The wall freezes Sigmund.
Sigmund says, "Your kind have come here before.
I understand now why.
You desire death..."
Sigmund hits you with a +0 scythe.
* * * LOW HITPOINT WARNING * * *
Casting: Freeze (safe; 2% risk of failure)
Confirm with . or Enter, or press ? or * to list all spells.
Aiming: Freeze (safe; 2% risk of failure)
Press: ? - help, Shift-Dir - straight line, f/p - Sigmund
Aim: Sigmund, wielding a +0 scythe and wearing a +0 robe (moderately wounded)
You freeze Sigmund!
Sigmund is severely wounded.
Unknown command.
Casting: Freeze (safe; 2% risk of failure)
Confirm with . or Enter, or press ? or * to list all spells.
You don't have enough magic to cast this spell.
Unknown command.
Magic courses through your body.
The wall freezes Sigmund.
Sigmund hits you with a +0 scythe!
You die...

.#..........# #.#
............###.#
.##+###.#....<#.#
.#......#######.#
................#
.####..#.#########
.# #..#.........#
#####..#.#######.#
.......#.#.....#@#
######.#.....#.#@#
#.###...###.#
#...........#
#####.####### #.#
#.# ##########.#
...........#


You could see Sigmund.

Vanquished Creatures
  Terence (D:2)
  An adder (D:2)
  A worm (D:2)
  A dart slug (D:1)
  3 endoplasms
  A giant cockroach (D:1)
  A goblin (D:2)
  4 hobgoblins
  10 kobolds
  A quokka (D:2)
  3 ball pythons
  3 bats
  A frilled lizard (D:2)
  2 rats (D:1)
33 creatures vanquished.

Notes
Turn   | Place    | Note
-------+----------+-------------------------------------------
     0 | D:1      | safid the Merfolk Ice Elementalist began the quest for the
                  | Orb.
     0 | D:1      | Reached XP level 1. HP: 13/13 MP: 3/3
   128 | D:1      | Reached XP level 2. HP: 12/20 MP: 0/5
   250 | D:1      | Reached skill level 1 in Fighting
   586 | D:1      | Found Ypreim's Jewellery Shoppe.
   849 | D:2      | Reached XP level 3. HP: 20/26 MP: 6/6
   853 | D:2      | Learned a level 3 spell: Frozen Ramparts
  1035 | D:2      | Noticed Terence
  1046 | D:2      | Killed Terence
  1248 | D:2      | Reached skill level 5 in Ice Magic
  1285 | D:2      | Reached XP level 4. HP: 33/33 MP: 6/8
  1290 | D:2      | Learned a level 3 spell: Ozocubu's Armour
  1810 | D:2      | Noticed Sigmund
  1817 | D:2      | Slain by Sigmund

Illustrated notes

Levels and vault maps discovered:
D:1:      lightli_arrival_boilingwater, layout_rooms, serial_shops, shop,
          minmay_misc_feat_alley
D:2:      layout_basic, minmay_door_square, uniq_sigmund, uniq_terence

Skill      XL: |  1  2  3 |
---------------+----------+-----
Fighting       | 1 2 |  2.2
Ice Magic      | 5 |  5.0
Dodging        | |  2.6
Stealth        | |  2.1
Spellcasting   | |  2.8

Action                     |  1- 3 |  4- 6 || total
---------------------------+-------+-------++-------
  Melee: Unarmed           |    24 |       ||    24
         Short sword       |    43 |     9 ||    52
   Cast: Freeze            |    36 |    11 ||    47
         Ozocubu's Armour  |       |     1 ||     1
         Frozen Ramparts   |       |     1 ||     1
    Use: Potion            |       |     1 ||     1
   Stab: Sleeping          |     2 |     1 ||     3
 Armour: Robe              |    21 |     2 ||    23
  Dodge: Dodged            |    64 |     6 ||    70
